 Dungeon Crawl Stone Soup version 0.18-a0-1797-gc18daef (webtiles) character file.

259 khekkus the Slasher (level 5, -3/45 HPs)
             Began as a Minotaur Fighter on Apr 20, 2016.
             Killed from afar by an orc wizard (7 damage)
             ... with a puff of frost
             ... on level 5 of the Dungeon on Apr 22, 2016.
             The game lasted 00:07:53 (2088 turns).

khekkus the Slasher (Minotaur Fighter)              Turns: 2088, Time: 00:07:54

Health: -3/45      AC: 10    Str: 25    XL:     5   Next: 94%
Magic:  4/4        EV:  6    Int:  6    God:
Gold:   174        SH: 14    Dex: 10    Spells: 0 memorised, 4 levels left

rFire  . . .     SeeInvis .     a - +0 long sword
rCold  . . .     Gourm    .     D - +0 chain mail
rNeg   . . .     Faith    .     c - +0 shield
rPois  .         Spirit   .     (helmet restricted)
rElec  .         Dismiss  .     n - +0 cloak
rCorr  .         Reflect  +     (no gloves)
SustAt .         Harm     .     (no boots)
MR     .....                    h - +4 amulet of reflection
Stlth  ..........               (no ring)
                                (no ring)

@: mighty, slowed, very slow, not resistant to hostile enchantments, extremely
unstealthy
A: retaliatory headbutt, horns 2
a: no special abilities


You were on level 5 of the Dungeon.
You were not hungry.

You visited 1 branch of the dungeon, and saw 5 of its levels.

You collected 174 gold pieces.

Inventory:

Hand Weapons
 a - a +0 long sword (weapon)
Armour
 b - a +0 scale mail
 c - a +0 shield (worn)
 n - a +0 cloak (worn)
 D - a +0 chain mail (worn)
Jewellery
 h - a +4 amulet of reflection (around neck)
Wands
 i - a wand of slowing (29/48)
 u - a wand of enslavement (3/24)
 C - a wand of enslavement (8/24)
Scrolls
 l - a scroll of identify
 m - a scroll of teleportation {unknown}
 o - a scroll of enchant armour {unknown}
 q - a scroll of fear {unknown}
 y - a scroll of random uselessness {unknown}
Potions
 g - a potion of berserk rage
 k - 2 potions of agility {unknown}
 p - a potion of invisibility {unknown}
 r - 2 potions of heal wounds {unknown}
 s - a potion of cancellation {unknown}
 t - a potion of haste {unknown}
 v - 2 potions of curing {unknown}
 w - a potion of resistance {unknown}
 x - a potion of magic {unknown}
Comestibles
 f - 3 bread rations
 j - a slice of pizza
 z - a royal jelly
 A - 2 fruits
 B - 4 chunks of flesh


   Skills:
 - Level 3.6 Fighting
 * Level 6.6 Long Blades
 - Level 3.6 Armour
 + Level 5.1 Shields


You had 4 spell levels left.
You didn't know any spells.

Dungeon Overview and Level Annotations

Branches:
Dungeon (6/15)
 Temple: D:4-7

Altars:
The Shining One


Innate Abilities, Weirdness & Mutations

You reflexively headbutt those who attack you in melee.
You have a pair of horns on your head.


Message History

You kill the orc priest!
You block the orc's attack. You block something's attack.
The orc wizard casts a spell at you. The magic dart hits you!
* * * LOW HITPOINT WARNING * * *
The orc hits you with a whip.
* * * LOW HITPOINT WARNING * * *
The orc wizard gestures wildly while chanting.
The orc wizard blinks!
Something hits you but does no damage.
Read which item? (? for menu, Esc to quit)
As you read the scroll labeled HURINI NOROGU, it crumbles to dust.
It is a scroll of identify.
Identify which item? (\ to view known items) (? for menu, Esc to quit)
g - a potion of berserk rage The orc wizard hits you but does no damage.
The orc hits you but does no damage.
You hear some strange, mumbled words.
A puff of frost appears from out of thin air!
The puff of frost hits you!
You die...

# #..........#
#.#..........#
#............+
#########...=..o..###
........#...........#
........#...####..o.#
........#...## #...o#
%.......#o...# #.##.#
....ยง.o@o)## ####.###
........).# #.o.#
........#.#### ####)..#
........#.##.# #......#
........#....# ##.....#
........#...o####.....#
........#.............#
........#.............#
########........(....#


You could see 2 orc wizards and an orc.

Vanquished Creatures
  3 orc priests (D:5)
  2 orc wizards
  A hound zombie (D:6)
  2 adders
  2 oozes
  3 worms
  A dart slug (D:1)
  A giant gecko (D:2)
  8 orcs
  3 giant cockroaches (D:2)
  6 goblins
  6 hobgoblins
  2 jackals (D:2)
  9 bats
  A giant newt (D:1)
  2 kobolds
  4 rats (D:2)
56 creatures vanquished.

Notes
Turn   | Place    | Note
--------------------------------------------------------------
     0 | D:1      | khekkus the Minotaur Fighter began the quest for the Orb.
     0 | D:1      | Reached XP level 1. HP: 19/19 MP: 0/0
    83 | D:1      | Upgraded the game from 0.18-a0-1788-g92de1ac to 0.18-a0-1797-gc18daef
    98 | D:1      | Reached skill level 3 in Long Blades
   170 | D:1      | Reached XP level 2. HP: 26/26 MP: 1/1
  1001 | D:2      | Reached skill level 4 in Long Blades
  1052 | D:2      | Reached XP level 3. HP: 31/31 MP: 2/2
  1551 | D:3      | Found a glowing golden altar of the Shining One.
  1642 | D:3      | Reached skill level 5 in Long Blades
  1642 | D:3      | Reached XP level 4. HP: 33/39 MP: 3/3
  1856 | D:3      | You fall through a shaft for 3 floors!
  1943 | D:5      | Entered Level 5 of the Dungeon
  1988 | D:5      | Reached XP level 5. HP: 39/45 MP: 4/4
  2035 | D:5      | Reached skill level 6 in Long Blades
  2086 | D:5      | Reached skill level 5 in Shields
  2088 | D:5      | Killed from afar by an orc wizard

Vault maps used:
D:1:      erik_arrival_cave_to_civilisation, due_unseen_surprise
D:3:      forest_paths, tso_metal_star, old_standard_altar,
          grunt_gozag_breadcrumbs
D:5:      kennysheep_steamy, lemuel_coloured_pillars_altar, first_bread,
          st_stairs_5, roderic_hopi_sauvastika, ashenzari_altar_1
D:6:      minmay_temple_entry_junction2, uniq_blork_the_orc

Skill      XL: |  1  2  3  4  5 |
---------------+----------------+-----
Long Blades    | 3 4 5 6 |  6.6
Shields        | 4 5 |  5.1
Fighting       | |  3.6
Armour         | |  3.6

Action                   |  1- 3 |  4- 6 || total
-------------------------+-------+-------++-------
Melee: Long sword        |   111 |    47 ||   158
       Headbutt          |    14 |     5 ||    19
  Use: Scroll            |       |     2 ||     2
       Potion            |       |     1 ||     1
  Eat: Chunk             |     2 |     2 ||     4
Armor: Scale mail        |    32 |     5 ||    37
       Chain mail        |       |    22 ||    22
Dodge: Dodged            |    33 |    10 ||    43
Block: Shield            |    95 |    47 ||   142
       Reflection        |     3 |     2 ||     5
